AoeStats
← REALMorphzilla

Black Forest

509641842Analyzed
4v4 RM · 4d ago on Sep 27, 2026· 83m 30s· 8 players
Game mode
Random Map
Map size
Large (8 player)
Population
200
Speed
Normal
Resources
Standard
Victory
Conquest
Starting age
Dark Age
Ending age
Imperial Age
RankedLock teamsTeams togetherTeam positionsShared explorationLock speedFull tech treeHidden civsTurbo modeCheats
Victory
Defeat
🇳🇱 Britons · Netherlands
989
+14
🇫🇷 Franks · France
920
+17
🇦🇷 Vietnamese · Argentina
886
+18
🇨🇳 Chinese · China
884
+18
🇨🇦 Vietnamese · Canada
1019
-21
🇺🇸 Saracens · United States
1005
-20
🇺🇸 Persians · United States
927
-16
🇨🇦 Huns · Canada
776
-10
PoacherCrooks
0:37 Loom
14:48 Feudal Age
22:28 Castle Age
21:11 Stone Mining
21:43 Gold Mining
22:08 Double-Bit Axe
27:12 Wheelbarrow
32:01 Hand Cart
31:32 Town Watch
32:01 Bow Saw
32:34 Gold Shaft Mining
36:02 Imperial Age
35:39 Town Patrol
36:13 Arson
36:29 Squires
35:49 Pikeman
35:50 Man-at-Arms
36:15 Gambesons
36:32 Husbandry
36:48 Masonry
36:59 Ballistics
38:13 Chemistry
36:41 Cavalier
37:24 Chivalry
37:45 Conscription
39:08 Treadmill Crane
39:24 Murder Holes
39:50 Ballistics
39:41 Masonry
39:43 Scale Barding Armor
39:48 Forging
39:58 Scale Mail Armor
41:14 Chain Barding Armor
41:59 Iron Casting
41:24 Paladin
42:22 Chain Mail Armor
45:14 Plate Barding Armor
45:40 Blast Furnace
48:08 Siege Engineers
48:33 Architecture
47:50 Arrowslits
48:15 Fortified Wall
48:40 Plate Mail Armor
59:54 Halberdier
61:06 Long Swordsman
62:42 Hoardings
61:41 Elite Throwing Axeman
64:35 Caravan
64:50 Two-Handed Swordsman
66:51 Champion
Mario
4:32 Loom
11:34 Feudal Age
12:33 Feudal Age
13:15 Double-Bit Axe
16:07 Castle Age
14:13 Horse Collar
16:51 Stone Mining
17:14 Bow Saw
19:21 Heavy Plow
23:47 Gold Mining
26:36 Wheelbarrow
29:58 Imperial Age
28:23 Caravan
29:01 Fletching
30:18 Hand Cart
32:00 Ballistics
32:41 Chemistry
33:15 Gold Shaft Mining
33:51 Elite Longbowman
35:44 Two-Man Saw
35:15 Bodkin Arrow
35:21 Padded Archer Armor
37:11 Yeomen
37:12 Bracer
37:28 Leather Archer Armor
43:25 Onager
56:43 Capped Ram
58:09 Pikeman
62:11 Halberdier
63:54 Squires
77:13 Ring Archer Armor
79:35 Scale Mail Armor
79:45 Forging
79:35 Scale Mail Armor
79:45 Forging
桂花折枝为谁落
11:40 Feudal Age
19:23 Castle Age
30:35 Imperial Age
30:44 Imperial Age
31:00 Caravan
31:48 Ballistics
32:29 Chemistry
31:31 Padded Archer Armor
31:22 Fletching
31:43 Forging
31:34 Scale Mail Armor
31:37 Squires
31:22 Arson
31:34 Double-Bit Axe
31:33 Horse Collar
31:46 Gold Mining
31:49 Stone Mining
32:32 Thumb Ring
33:15 Bow Saw
33:15 Heavy Plow
34:05 Conscription
34:10 Leather Archer Armor
34:38 Wheelbarrow
34:15 Bodkin Arrow
36:04 Two-Man Saw
36:57 Gold Shaft Mining
37:00 Stone Shaft Mining
36:15 Elite Fire Lancer
37:53 Iron Casting
37:33 Chain Mail Armor
37:56 Hand Cart
39:04 Elite Chu Ko Nu
41:02 Ring Archer Armor
40:32 Bracer
40:41 Heavy Rocket Cart
42:29 Chain Mail Armor
43:15 Blast Furnace
42:43 Rocketry
43:00 Light Cavalry
43:51 Bloodlines
43:42 Husbandry
43:51 Scale Barding Armor
44:17 Plate Mail Armor
46:38 Chain Barding Armor
47:05 Man-at-Arms
48:12 Long Swordsman
51:52 Two-Handed Swordsman
53:35 Champion
56:53 Pikeman
58:11 Halberdier
61:10 Capped Ram
63:22 Siege Ram
64:53 Elite Skirmisher
林归于凤
1:21 Loom
13:12 Feudal Age
13:34 Horse Collar
13:41 Double-Bit Axe
14:34 Wheelbarrow
21:39 Castle Age
20:01 Fletching
21:17 Stone Mining
22:30 Bow Saw
22:21 Heavy Plow
22:41 Hand Cart
23:15 Stone Shaft Mining
26:22 Gold Mining
27:03 Bodkin Arrow
26:53 Treadmill Crane
27:24 Fortified Wall
27:30 Town Watch
29:25 Padded Archer Armor
29:28 Caravan
32:12 Chatras
33:05 Leather Archer Armor
36:04 Imperial Age
34:08 Town Patrol
35:11 Squires
34:34 Pikeman
35:40 Ballistics
35:29 Elite Skirmisher
36:16 Thumb Ring
37:21 Paper Money
36:55 Halberdier
36:58 Imperial Skirmisher
37:46 Bracer
38:31 Crop Rotation
38:26 Elite Rattan Archer
40:35 Husbandry
40:46 Bloodlines
39:57 Light Cavalry
40:10 Elite Fire Lancer
40:38 Arson
44:46 Chemistry
44:20 Ring Archer Armor
46:07 Scale Mail Armor
47:06 Onager
55:18 Elite Battle Elephant
56:07 Scale Barding Armor
56:13 Forging
61:19 Chain Barding Armor
61:35 Iron Casting
Elite Seraphim
0:56 Loom
13:38 Feudal Age
14:58 Wheelbarrow
14:13 Double-Bit Axe
14:39 Horse Collar
18:24 Castle Age
17:15 Gold Mining
17:17 Stone Mining
17:30 Padded Archer Armor
19:42 Hand Cart
19:31 Heavy Plow
19:44 Bow Saw
20:40 Stone Shaft Mining
28:06 Fletching
28:32 Leather Archer Armor
36:27 Imperial Age
35:03 Ballistics
34:06 Pikeman
34:48 Squires
34:33 Arson
34:51 Scale Mail Armor
35:03 Forging
34:48 Bodkin Arrow
35:02 Thumb Ring
34:20 Elite Skirmisher
35:05 Chatras
36:51 Chain Mail Armor
37:12 Iron Casting
37:28 Paper Money
36:31 Elite Rattan Archer
36:37 Imperial Skirmisher
36:43 Halberdier
37:57 Ring Archer Armor
37:27 Bracer
38:33 Chemistry
37:45 Caravan
39:08 Plate Mail Armor
39:48 Crop Rotation
40:21 Two-Man Saw
41:41 Siege Engineers
41:48 Masonry
41:48 Fortified Wall
43:51 Crossbowman
53:13 Chatras
53:21 Scale Barding Armor
53:32 Husbandry
53:43 Bloodlines
52:54 Elite Battle Elephant
54:46 Chain Barding Armor
56:02 Plate Barding Armor
63:06 Coinage
62:47 Guilds
67:05 Banking
REALMorphzilla
0:39 Loom
14:28 Feudal Age
16:07 Wheelbarrow
15:22 Double-Bit Axe
17:41 Town Watch
17:50 Fletching
17:42 Horse Collar
23:43 Castle Age
23:09 Stone Mining
23:09 Gold Mining
23:25 Padded Archer Armor
25:06 Bloodlines
24:57 Husbandry
25:10 Forging
25:05 Heavy Plow
25:49 Bow Saw
31:48 Caravan
34:55 Hand Cart
39:35 Imperial Age
38:33 Iron Casting
38:06 Elite Skirmisher
38:53 Thumb Ring
38:56 Scale Barding Armor
38:47 Bodkin Arrow
39:08 Leather Archer Armor
39:32 Cavalier
41:14 Blast Furnace
40:35 Chain Barding Armor
41:37 Gold Shaft Mining
41:38 Stone Shaft Mining
42:10 Two-Man Saw
40:57 Savar
42:10 Ring Archer Armor
41:55 Masonry
41:42 Murder Holes
42:08 Ballistics
42:03 Imperial Skirmisher
42:56 Pikeman
43:37 Squires
43:43 Scale Mail Armor
48:37 Hoardings
48:23 Conscription
48:14 Citadels
48:05 Kamandaran
49:26 Chemistry
49:02 Architecture
53:37 Crossbowman
53:59 Light Cavalry
56:32 Hussar
58:30 Halberdier
RedEyeJedi4918
2:11 Loom
14:03 Feudal Age
18:54 Castle Age
17:13 Stone Mining
17:09 Horse Collar
17:18 Double-Bit Axe
27:47 Bow Saw
29:15 Heavy Plow
29:56 Wheelbarrow
34:37 Imperial Age
32:21 Forging
33:16 Scale Barding Armor
34:56 Chain Barding Armor
35:11 Iron Casting
35:13 Elite Mameluke
36:14 Conscription
36:35 Plate Barding Armor
36:06 Husbandry
36:25 Bloodlines
37:55 Chemistry
38:54 Blast Furnace
47:23 Fletching
47:34 Padded Archer Armor
48:23 Bodkin Arrow
47:54 Elite Skirmisher
48:41 Thumb Ring
48:41 Imperial Skirmisher
50:49 Imperial Skirmisher
52:06 Caravan
58:54 Bracer
59:10 Leather Archer Armor
61:00 Ring Archer Armor
78:19 Clinker Construction
Commander Davis
0:27 Loom
18:08 Feudal Age
24:50 Castle Age
23:15 Double-Bit Axe
24:28 Horse Collar
24:48 Fletching
24:59 Padded Archer Armor
26:11 Bow Saw
27:52 Wheelbarrow
30:39 Hand Cart
31:10 Gold Mining
31:26 Stone Mining
32:05 Elite Skirmisher
32:10 Pikeman
34:38 Bodkin Arrow
38:43 Leather Archer Armor
40:41 Thumb Ring
40:47 Squires
40:32 Arson
45:31 Imperial Age
45:08 Caravan
46:18 Bracer
45:42 Imperial Skirmisher
47:34 Two-Man Saw
46:46 Halberdier
66:40 Heavy Cavalry Archer
67:45 Parthian Tactics
68:34 Ballistics
69:15 Chemistry
69:34 Husbandry
69:44 Bloodlines
68:55 Cavalier
72:42 Light Cavalry
Connection lost

Rejoining the realm…

Still unreachable

The connection could not be restored.

Session expired

The server has moved on; the page needs a fresh start.